[Event "ROM-GER Kings"]
[Site "Medias"]
[Date "2015.11.03"]
[Round "5.1"]
[White "Deac, Bogdan Daniel"]
[Black "Donchenko, Alexander"]
[Result "1-0"]
[ECO "A33"]
[WhiteElo "2455"]
[BlackElo "2577"]
[Annotator "CB"]
[PlyCount "79"]
[EventDate "2015.10.30"]
[EventType "schev"]
[EventRounds "5"]
[EventCountry "ROU"]
[SourceTitle "CBM 169"]
[Source "ChessBase"]
[SourceDate "2015.11.10"]
[SourceVersion "1"]
[SourceVersionDate "2015.11.10"]
[SourceQuality "1"]
[WhiteTeam "Romania"]
[BlackTeam "Germany"]
[WhiteTeamCountry "ROU"]
[BlackTeamCountry "GER"]
[TimeControl "40/5400+30:1800+30"]

1. c4 c5 2. Nf3 Nc6 3. d4 cxd4 4. Nxd4 Nf6 5. Nc3 e6 6. a3 Be7 7. e4 O-O 8. Nf3
Qc7 9. Be2 b6 10. O-O Bb7 11. Bg5 Rac8 {Die Partie ist in eine Igelstruktur
übergegangen. Weiß verfügt über mehr Raum, doch dafür ist die schwarze
Stellung ziemlich fest. Schwarz will das weiße Zentrum sprengen und Züge wie
...d5 oder ...a6 und ...b5 durchsetzen.[#]} (11... Rad8 {Wird hier häufiger
gespielt. Mit diesem Zug bereitet Schwarz einfach späteres ...d5 vor.} 12. Rc1
Qb8 13. Re1 $13) 12. Rc1 h6 13. Bh4 Qb8 14. Re1 Rfd8 15. Bg3 d6 16. Nd2 Qa8 17.
Bf1 Ne5 18. f3 Ng6 19. b4 Nd7 (19... d5 20. exd5 exd5 21. Bd3 Bf8 22. Bxg6 fxg6
23. Nb5 $13) 20. Bf2 Bh4 21. g3 Be7 22. Qb3 h5 23. Be2 Nf6 24. Bf1 Ne5 25. Nb5
Qb8 26. Nd4 Bf8 27. h3 Ng6 28. Qe3 Re8 29. Nb5 Rcd8 30. Nb3 {[#]} d5 $2 {
Die Zeit für diesen Zentrumsdurchbruch ist immer noch nicht gekommen.} (30...
Rc8 $11) 31. c5 $1 $16 bxc5 (31... dxe4 32. c6 $16) 32. Nxc5 dxe4 33. Nxb7 Qxb7
34. fxe4 Ne5 35. Rc7 Qb8 36. Rc3 (36. Rxa7 Rc8 37. Qf4 Red8 $13) 36... Rd7 37.
Nxa7 Nfg4 $4 38. hxg4 Nxg4 39. Nc6 $1 $18 Qa8 40. Qf3 1-0

[Event "EU-ch 12th"]
[Site "Aix les Bains"]
[Date "2011.03.28"]
[Round "7"]
[White "Matlakov, Maxim"]
[Black "Smirnov, Artem"]
[Result "1/2-1/2"]
[ECO "A33"]
[WhiteElo "2625"]
[BlackElo "2425"]
[Annotator "Marchand,A/Primel,D"]
[PlyCount "116"]
[EventDate "2011.03.22"]
[EventType "swiss"]
[EventRounds "11"]
[EventCountry "FRA"]
[SourceTitle "CBM 142 Extra"]
[Source "ChessBase"]
[SourceDate "2011.06.27"]
[SourceVersion "1"]
[SourceVersionDate "2011.06.27"]
[SourceQuality "1"]
[TimeControl "40/5400+30:1800+30"]

1. d4 Nf6 2. c4 c5 3. Nf3 cxd4 4. Nxd4 e6 5. Nc3 Nc6 6. a3 {Une idée originale
de KORTCHNOI mais comme dans les alternatives g3 et Ndb5, les Noirs peuvent
égaliser en jouant précisément.} (6. g3 Qb6 7. Ndb5 (7. Nb3 Ne5 (7... Bb4 8.
Bg2 Qa6 9. c5 b6 10. O-O bxc5 11. Be3 d5 {Eingorn,V (2475)-Georgiev,K (2430)
Lvov 1984 (6) 1-0} (11... c4 12. Nc5 Qa5 {Mikhalchishin})) 8. e4 (8. Bg2 Nxc4
9. O-O d5 10. e4 dxe4 11. Qe2 Qa6 $6 {
Miladinovic,I (2556)-Kovacevic,A (2598) MNT CupT Tivat 2011 (3) 1-0} (11... Nd6
12. Be3 Qa6 13. Qxa6 bxa6 14. Rfd1 $44 (14. Nc5))) 8... Bb4 9. Qe2
O-O 10. f4 Nc6 11. e5 Ne8 12. Bd2 f6 13. c5 Qd8 14. a3 Bxc3 15. Bxc3 fxe5 16.
Bxe5 b6 17. Bg2) (7. Nc2 d5 $1) 7... Ne5 (7... Bc5 8. Bg2 Bxf2+ 9. Kf1 Ng4 10.
Qd6 Kd8 11. Bg5+ {Greenfeld,A (2530)-Yemelin,V (2485) Beersheba-St Petersburg
1998 (6) 1/2} (11. Qf4 $1 Nce5 12. Nd1 $40 ))
8. Bg2 a6 9. Qa4 Rb8 10. Be3 Bc5 11. Bxc5 Qxc5 12. Qa3 b6 13. Nd6+ Ke7 14. Qxc5
bxc5 15. Nxc8+ Rhxc8 16. b3 g5 $11 ) (6. Ndb5 d5 7. Bf4 e5 8. cxd5
exf4 9. dxc6 bxc6 10. Qxd8+ Kxd8 11. Rd1+ (11. Nd4 Bd7 (11... Kc7 $6 12. g3 Rb8
(12... Bc5 13. Rc1 $1 $36 {[%cal Gc1c7,Gc3b5];Kortschnoj,V (2600)-Portisch,L 
(2620) Candidates qf1 1983 (3) 1-0})) 12. g3 fxg3 (12... Rb8 13. O-O-O) 13.
hxg3 Bb4 14. Bg2 Bxc3+ 15. bxc3 Kc7 16. O-O Rab8 17. Nb3 Rhe8 {Timman,
J-Gligoric,S EU-Cup Volmac-Partizan 1984 0-1} (17... h5 $142)) 11... Bd7 12.
Nd6 Bxd6 13. Rxd6 Rb8 $132) (6. Bf4 d5) 6... Bc5 (6... Be7) 7. e3 {Il est
difficile pour les Blancs de garder un avantage d'ouverture avec ce coup aussi
peu ambitieux} (7. Nb3 $142 Be7 8. e4 O-O 9. Be2 b6 10. O-O Bb7 11. Be3 d6 12.
f4 Rc8 13. Bf3 Qc7 14. Rc1 Qb8 15. Qe2 (15. g4)) 7... d5
8. cxd5 exd5 9. Be2 O-O 10. O-O Re8 ({RR} 10... Bd6 11. b4 Ne5 12. Bb2 a6 13.
Qb3 Bc7 14. Rfd1 Qd6 15. g3 Be6 16. Rac1 Qe7 17. b5 Bd6 18. Bf1 Bg4 19. Be2 Be6
20. Bf1 Rfd8 21. Bg2 Nc4 22. Nxd5 Bxd5 23. Nf5 Qd7 24. Bxf6 Bxg2 25. Qxc4 {
Kramnik,V (2730)-Lautier,J (2645)/Paris 1995/CBM 049 ext/1/2-1/2 (34)}) 11. Nf3
Bf5 $146 ({RR} 11... a6 12. b4 d4 13. exd4 Bxd4 14. Bb2 Bg4 15. Nxd4 Qxd4 16.
Bxg4 Nxg4 17. Nd5 Qxb2 18. Qxg4 Ne5 19. Qg3 Re6 20. Rad1 Rf8 21. Rfe1 Rfe8 22.
f4 Ng6 23. Rxe6 fxe6 24. Qc3 Qe2 25. Re1 Qg4 26. Qg3 {Olsen,H (2360)-Nielsen,U
(2375)/Copenhagen 1995/EXT 1998/0-1 (69)}) 12. Nb5 Ne4 13. b4 Qf6 $1 $11 (13... Bb6 $143 14. Bb2 $14 ) 14. Rb1 Bb6 15. Bb2 Qh6
16. Nbd4 Bg4 17. Nxc6 bxc6 18. Nd4 Bc7 19. f4 Bd7 20. Rc1 Bb6 21. Bg4 f5 $15 22. Bf3 a5 23. Bxe4 Rxe4 (23... fxe4 $5) 24. Rf3 axb4 25. axb4
Rae8 26. Qb3 Qd6 27. Rg3 R8e7 (27... g6 28. h4 ) 28. Rd1 h6 29. Qc3 Qf6 30. Nxc6 Qxc3 31. Nxe7+ Rxe7 32. Bxc3
Bxe3+ 33. Kh1 d4 34. Bxd4 Bxd4 35. Rgd3 Ba4 36. Rxd4 Bxd1 37. Rxd1 Kf7 38. Rb1
Rb7 39. g3 Ke6 40. Kg2 Kd5 41. Kh3 g5 42. b5 Rb6 43. g4 $1 gxf4 44. gxf5 Ke4
45. Kg4 h5+ {Le plateau DGT n'a pas sauvegardé le reste de la partie.} 46. Kg5
f3 47. Rc1 Kd3 48. Kxh5 f2 49. Rh1 Rxb5 50. Kg6 Rb8 51. Rf1 Rg8+ 52. Kf7 Rg2
53. h4 Ke2 54. Rxf2+ Rxf2 55. f6 Rh2 56. Ke7 Rxh4 57. f7 Rh7 58. Ke8 Rxf7
1/2-1/2

[Event "Match/Team URS-World 20,5-19,5"]
[Site "Belgrade"]
[Date "1970.04.04"]
[Round "4.3"]
[White "Portisch, Lajos"]
[Black "Kortschnoj, Viktor Lvovich"]
[Result "1/2-1/2"]
[ECO "A33"]
[WhiteElo "2630"]
[BlackElo "2670"]
[Annotator "Portisch/Kortchnoi"]
[PlyCount "49"]
[EventDate "1970.03.29"]
[EventType "team"]
[EventRounds "4"]
[EventCountry "YUG"]
[SourceTitle "MCL"]
[Source "ChessBase"]
[SourceDate "1999.07.01"]
[SourceVersion "1"]
[SourceVersionDate "1999.07.01"]
[SourceQuality "1"]
[WhiteTeam "World"]
[BlackTeam "Soviet Union"]
[BlackTeamCountry "URS"]
[TimeControl "40/9000:16/5400:0"]

1. Nf3 c5 2. c4 Nf6 3. Nc3 Nc6 4. d4 cxd4 5. Nxd4 e6 6. g3 Qb6 7. Nb3 Ne5 (7...
Bb4 8. Be3 Qc7 9. Bg2 Ne5 10. c5 Nc4 11. Qc1 $14 {Kortschnoj=:K}) 8. e4 Bb4 9.
Qe2 O-O (9... a5 {Taimanov-Geller/22-ch URS/}) (9... d6 10. Bd2 $1 {/\ f4, Nb5
K}) 10. f4 Nc6 11. e5 Ne8 12. Bd2 $1 {Portisch=:P/K} f6 (12... d6 $4 13. exd6
Nxd6 (13... Nd4 14. Nxd4 Qxd4 15. O-O-O {K}) 14. c5 $18 {P/K}) 13. c5 Qd8 14.
a3 Bxc3 15. Bxc3 fxe5 16. Bxe5 (16. fxe5 $6 {P} Qg5) 16... b6 (16... Nxe5 17.
Qxe5 (17. fxe5 b6) 17... b6 18. Bg2 Ba6 $1 {K}) 17. Bg2 Nxe5 $2 {P/?! K} (17...
Bb7 $1 {P} 18. O-O Qc8 19. Rfd1 $2 (19. Rf2 $1)
19... Nxe5 20. Qxe5 Bxg2 21. Kxg2 Qc6+ 22. Kg1 Rf5 $36 {K}) (17... bxc5 18.
Bxc6 $16 {P}) 18. Bxa8 Nf7 (18... Ba6 19. Qxa6 (19. Qxe5 $6 Qxa8 20. O-O-O Bc4
21. Qc3 Bd5 22. Rhe1 Nf6) 19... Qxa8 20. O-O-O {K}) 19. Bg2 $2 (19. Bf3 $1 bxc5
20. Nxc5 Qb6 21. Qf2 Qb5 22. Be2 $1 $18 {P}) 19... bxc5 20. Nxc5 Qb6 $1 {P} 21.
Qf2 (21. b4 a5 22. Na4 Qb8 23. b5 {K}) 21... Qb5 $1 {P} (21... d5 22. f5 {K})
22. Bf1 $6 {The crucial point for the final overall result was Portisch giving
a draw to a completely lost Korchnoi. Fischer had something to say about it at
the time} (22. Rd1 $1 Ba6 23. Nd3 Nfd6 24. O-O $18) (22. O-O-O Nfd6 $1 {
[%cal Gd6c4,Gc8a6] Portisch}) (22. Bf3 d6 23. Ne4 Ba6 $44 {P}) 22... Qc6 23.
Bg2 Qb5 24. Bf1 Qc6 25. Bg2 (25. Rg1 Ne5 26. Be2 (26. Bg2 $4 Qxc5) 26... d6 27.
Qe3 {K}) 1/2-1/2

[Event "Sautron op 14th"]
[Site "Sautron"]
[Date "2014.10.25"]
[Round "7"]
[White "Loiseau, Quentin"]
[Black "Koziak, Vitali"]
[Result "1/2-1/2"]
[ECO "A33"]
[WhiteElo "2354"]
[BlackElo "2456"]
[Annotator "RR"]
[PlyCount "112"]
[EventDate "2014.10.26"]
[EventType "swiss"]
[EventRounds "9"]
[EventCountry "FRA"]
[SourceTitle "EXT 2015"]
[Source "ChessBase"]
[SourceDate "2014.11.20"]
[SourceVersion "1"]
[SourceVersionDate "2014.11.20"]
[SourceQuality "1"]
[TimeControl "40/5400+30:1800+30"]
[WhiteClock "0:06:53"]
[BlackClock "0:10:42"]

1. Nf3 c5 2. c4 Nc6 3. d4 cxd4 4. Nxd4 Nf6 5. Nc3 e6 6. g3 (6. a3) 6... Qb6 7. Ndb5 {[%emt 0:02:21] Un
coup naturel mais l'inconvénient de cette variante est sa lenteur et les
Noirs ont souvent des ressources tactiques} (7. Nb3) 7... Bc5 (7... Ne5 {La grande ligne}) 8. Bg2 (8. e3 O-O 9.
Bg2 a6 10. Na3 Bxa3 11. bxa3 Ne5 12. Na4 Qd8 13. Qb3 d5 14. cxd5 exd5 15. O-O
b5 16. Nc5 Nc4 17. Qc3 Bf5 18. Qd4 Qe7 19. Nd3 Be4 20. f3 Bxd3 21. Qxd3 Rfe8
22. Re1 Rad8 23. Bd2 Nxd2 24. Qxd2 Qxa3 25. Rac1 h5 26. Rc3 Qa5 27. Rec1 Rd7
28. a3 Rde7 29. Qd4 Qd8 30. Kf2 Qd7 31. h3 Qf5 32. Kg1 Qg5 33. Kf2 Qf5 34. Kg1
a5 35. Rb3 a4 36. Rbc3 Re6 37. Re1 Re5 {Fressinet,L (2702)-Short,N (2707)
Bastia 2012 1/2-1/2 (75)}) (8. Nd6+ Ke7 9. Nde4 (9. Nxc8+
$6 Raxc8 $32 ) 9... Nxe4 10. Nxe4 Bb4+ 11. Bd2 d5 $132 {
Pomar Salamanca,A (2460)-Najdorf,M Siegen ol (Men) fin-A 1970 (6) 1/2}) 8... d5
{[%emt 0:30:24] Les Noirs s'étaient davantage préparés à la grande ligne 9.
e3 et ils se sont plongés dans une longue réflexion} 9. O-O $1 dxc4 10. Nd6+ Bxd6 (
10... Ke7 11. Nxc4 $14) 11. Qxd6 Nb4 12. Qf4 (12. Qe5 $5 O-O 13. Bh6 Ne8 14. Be3 $32 {[%csl Ra8,Rb7];
Horvath,J (2507)-Danner,G (2377) Elekes Memorial GM 28th 2003 (1) 1-0}) 12...
Qa6 13. b3 $1 $146 (13. Be3 Nc2
14. Bc5 Nd7 15. Rad1 Nxc5 16. Qc7 Nd3 17. exd3 cxd3 18. Rxd3 Qxd3 19. Rd1 Qxd1+
20. Nxd1 Nd4 21. Qc5 Nf5 22. Nc3 Bd7 23. Bxb7 Rb8 24. Be4 Ne7 25. Qxa7 Rxb2 26.
a4 f5 27. Bd3 Rb3 28. Qd4 Kf7 29. Bb5 {1/2-1/2 (29) Mulyar,M (2422)-Moiseenko,
A (2652) Edmonton 2005}) 13... O-O 14. Qxc4 $14 (14. Bb2 Bd7) 14... Nbd5 15. Nxd5 Nxd5 16. Bb2 $16 {[%emt 0:08:29][%csl Gb2,Rb7][%cal Gb2g7,Ge2e4]
Non seulement, les Blancs ont la paire de B mais les Noirs ont des
difficultés à terminer le développement de l'aile-dame} Qxc4 17. bxc4 Ne7 18. Ba3 Re8 19. Rfd1 Nc6 20. Rd6 e5 $1 21. Rb1 (21. Rxc6 $5
bxc6 22. Bxc6 Be6 23. c5 Rac8 24. Bxe8 Rxe8 25. Rc1 Bxa2 26. c6
$36) 21... Na5 22. Bd5 Be6 23. Bb4 Nxc4 24. Rxe6 $1 Rxe6 25. Bxc4 Rb6 26. Rb3 a5 27. Bc3 Rxb3 28. Bxb3 e4 29. e3 b5 30. Bd5 (30. Bd4) 30... Rd8 31. Bxe4 Rd1+ 32. Kg2 b4 33. Bd4 (33. Bf3 $5) 33... Rd2 34. Bd5 a4 $132 35. Kf1 b3 36. axb3 a3 37. b4 a2 38. Bxa2 Rxa2 39. b5 f6 40. b6 Ra4 41. Ke2 Kf7 42.
g4 Ke6 43. h4 Rb4 44. Kd3 $11 Kd5 45. h5 Rb3+ 46. Ke2 g6 47.
hxg6 hxg6 48. Bxf6 Rxb6 49. Bd4 Rb8 50. Kf3 Rf8+ 51. Kg3 Ke4 52.
f4 Rb8 53. Kh4 Rb5 54. Be5 Kxe3 55. Kg5 Kf3 56. Kxg6 Kxg4 1/2-1/2